 Dungeon Crawl Stone Soup version 0.30.0-20-g3b4254fcbd (webtiles) character file.

Game seed: 12522687244029792883

22704 DemonSlayer the Thaumaturge (level 12, -4/85 HPs)
             Began as a Demonspawn Earth Elementalist on June 2, 2023.
             Was an Elder of Dithmenos.
             Slain by a blink frog (12 damage)
             ... on level 2 of the Lair of Beasts.
             The game lasted 00:37:37 (16130 turns).

DemonSlayer the Thaumaturge (DsEE)                 Turns: 16130, Time: 00:37:38

Health: -4/85      AC:  9    Str: 11    XL:     12   Next: 65%
Magic:  0/26       EV: 15    Int: 17    God:    Dithmenos [****..]
Gold:   404        SH:  0    Dex: 18    Spells: 15/32 levels left

rFire   + + .        C - +5 rapier "Vihol" {heavy, +Blink rElec rF++ rN+}
rCold   + + .        (no shield)
rNeg    + . .        o - +4 skin of Zhor {*Englaciate rC+++ SInv}
rPois   +            (helmet restricted)
rElec   +            q - +0 cloak
rCorr   .            p - +0 pair of gloves
SInv    +            w - +0 pair of boots
Will    +....        (no amulet)
Stlth   +++++++      f - ring of poison resistance
HPRegen 0.34/turn    l - ring of willpower
MPRegen 0.40/turn

%: guardian spirit
@: wreathed by umbra, invisible
A: horns 1, thin skeletal structure 1, magic shield, magic regeneration, cold
vulnerability 1
a: Renounce Religion, Evoke Blink, Shadow Step


You were on level 2 of the Lair of Beasts.
You worshipped Dithmenos.
Dithmenos was greatly pleased with you.
You visited 3 branches of the dungeon, and saw 15 of its levels.

You collected 780 gold pieces.
You spent 376 gold pieces at shops.

Inventory:

Hand Weapons
 b - a +5 dagger of freezing
 e - the +11 dagger "Keatuts" {venom, Fly rElec SInv Stlth-}
   (You bought it in a shop on level 7 of the Dungeon)

   rElec:     It insulates you from electricity.
   SInv:      It lets you see invisible.
   Fly:       It grants you flight.
   Stlth:     It makes you less stealthy.
 C - the +5 rapier "Vihol" (weapon) {heavy, +Blink rElec rF++ rN+}
   (You found it on level 1 of the Lair of Beasts)

   rF:        It greatly protects you from fire.
   rElec:     It insulates you from electricity.
   rN:        It protects you from negative energy.
   +Blink:    It lets you blink.
Missiles
 v - 4 curare-tipped darts
Armour
 o - the +4 skin of Zhor (worn) {*Englaciate rC+++ SInv}
   (You found it on level 9 of the Dungeon)

   *Englaciate: It radiates cold, occasionally slowing all nearby creatures who
   are not resistant to cold.
   rC:        It renders you almost immune to cold.
   SInv:      It lets you see invisible.
 p - a +0 pair of gloves (worn)
 q - a +0 cloak (worn)
 s - the +3 salamander hide armour {Flames, rFlCloud rF++ rC--}
   (You found it on level 10 of the Dungeon)

   Flames:    It surrounds you with flame clouds and enhances your fire magic.
   rFlCloud:  It grants immunity to flame clouds.
   rF:        It greatly protects you from fire.
   rC:        It makes you very vulnerable to cold.
 w - a +0 pair of boots (worn)
Jewellery
 f - a ring of poison resistance (left hand)
 l - a ring of willpower (right hand)
Wands
 x - a wand of mindburst (8)
Scrolls
 a - 2 scrolls of identify
 d - 4 scrolls of enchant armour
 h - 2 scrolls of immolation
 j - a scroll of fear
 k - 4 scrolls of vulnerability
 m - a scroll of torment
 n - a scroll of teleportation
 r - 3 scrolls of amnesia
 t - 5 scrolls of poison
 y - a scroll of fog
Potions
 c - 3 potions of lignification
 g - 2 potions of attraction
 i - 4 potions of brilliance
 u - a potion of magic
 z - a potion of flight
 A - 2 potions of cancellation
 B - 2 potions of invisibility
Miscellaneous
 D - a phial of floods


   Skills:
 + Level 4.9 Fighting
 + Level 4.7 Short Blades
 + Level 2.4 Armour
 + Level 6.4 Dodging
 + Level 6.6 Stealth
 + Level 10.9 Spellcasting
 + Level 8.4 Conjurations
 + Level 0.9 Transmutations
 + Level 10.0 Earth Magic


You had 15 spell levels left.
You knew the following spells:

 Your Spells              Type           Power      Damage    Failure   Level
a - Sandblast             Erth           86%        2d18      1%          1
b - Passwall              Tmut/Erth      22%        N/A       1%          2
c - Stone Arrow           Conj/Erth      80%        3d12      1%          3
d - Petrify               Tmut/Erth      27%        N/A       9%          4
e - Summon Guardian Gole  Hex/Summ       9%         N/A       24%         3
f - Sticky Flame          Conj/Fire      23%        2d4       14%         4

Your spell library contained the following spells:

 Spells                   Type           Power      Damage    Failure   Level
 Necrotise                Necr           36%        1d5       8%          1
 Summon Small Mammal      Summ           36%        N/A       8%          1
 Wereblood                Tmut           12%        N/A       8%          2
 Sublimation of Blood     Necr           9%         N/A       12%         2
 Flame Wave               Conj/Fire      23%        2d8       14%         4
 Call Canine Familiar     Summ           9%         N/A       24%         3
 Inner Flame              Hex/Fire       9%         N/A       24%         3
 Ozocubu's Armour         Ice            9%         N/A       24%         3
 Vampiric Draining        Necr           9%         2d6       24%         3
 Vhi's Electric Charge    Tloc/Air       18%        N/A       24%         3
 Arcjolt                  Conj/Air       11%        1d21      36%         5
 Agony                    Necr           9%         N/A       91%         5
 Metabolic Englaciation   Hex/Ice        4%         N/A       91%         5
 Simulacrum               Ice/Necr       4%         N/A       100%        6
 Ozocubu's Refrigeration  Ice            4%         4d8       100%        7
 Summon Hydra             Summ           4%         N/A       100%        7
 Maxwell's Capacitive Co  Air            4%         ∞         100%        8


Dungeon Overview and Level Annotations

Branches:
Dungeon (12/15)            Temple (1/1) D:5            Lair (2/5) D:9
    Orc (0/2) D:10
  Swamp: Lair:2-3    Shoals: Lair:2-3     Snake: Lair:2-3    Spider: Lair:2-3

Altars:
Ashenzari
Cheibriados
Dithmenos
Gozag
Hepliaklqana
Kikubaaqudgha
Makhleb
Nemelex Xobeh
Okawaru
Qazlal
Sif Muna
Trog
Uskayaw
Vehumet
Wu Jian
Xom
Yredelemnul

Shops:
D:3 [   D:6 *   D:7 *

Annotations:
Temple 2 transporters


Innate Abilities, Weirdness & Mutations

You have a pair of small horns on your head.
You have a somewhat thin skeletal structure. (Dex +2, Stealth+)
When hurt, damage is shared between your health and your magic reserves.
You regenerate magic rapidly.
You are vulnerable to cold. (rC-)


Message History

The blink frog hits you but does no damage.
The cane toad stings you! The blink frog closely misses you.
Unknown command.
Unknown command.
You are too injured to fight recklessly!
Unknown command.
Unknown command.
You puncture the cane toad!
You headbutt the cane toad, but do no damage.
The cane toad is moderately wounded.
You radiate an aura of cold.
The cane toad seems to slow down.
The blink frog seems to slow down.
The cane toad stings you!
You puncture the cane toad! You headbutt the cane toad.
The cane toad is severely wounded.
The cane toad stings you but does no damage.
You puncture the cane toad!
You kill the cane toad!
Dithmenos accepts your kill.
You radiate an aura of cold.
The blink frog seems to slow down. x2
The blink frog closely misses you.
You closely miss the blink frog. The blink frog hits you!
* * * LOW HITPOINT WARNING * * *
The blink frog blinks!
You radiate an aura of cold.
The blink frog seems to slow down. x2
The blink frog misses you.
You puncture the blink frog! Your headbutt misses the blink frog.
The blink frog is heavily wounded.
The blink frog closely misses you.
You barely miss the blink frog.
The blink frog is heavily wounded.
The blink frog barely misses you.
The blink frog blinks!
The blink frog hits you!
* * * LOW HITPOINT WARNING * * *
The blink frog blinks!
You fade into invisibility!
You puncture the blink frog! Your headbutt misses the blink frog.
The blink frog is almost dead.
You radiate an aura of cold.
The blink frog seems to slow down. x2
The blink frog hits you!
You die...

.#####P#......
............. .
............ ..
........... ...
#........:.. ....
#.... ...F. .....
##..#. #..#.....#
#.... ##@.......
#....####F##.....♣
#..##......+....♣
#..##.....P# ...♣
#........###....♣
#..#.P.^## ....♣
#..###...###....♣
#..###..##......♣♣
#................♣


You could see 2 blink frogs.

Vanquished Creatures
  Erolcha (D:11)
  2 two-headed ogres
  Sonja (D:11)
  A salamander mystic (D:10)
  A deep elf pyromancer (D:11)
  A cyclops (D:11)
  An ugly thing (D:11)
  4 salamanders (D:10)
  A black mamba (Lair:1)
  6 elephants (Lair:1)
  3 cane toads
  An unseen horror (D:9)
  5 rime drakes (D:9)
  Psyche (D:11)
  4 komodo dragons (Lair:1)
  An efreet (D:8)
  2 trolls
  7 hornets (Lair:2)
  2 blink frogs (Lair:2)
  A shadow (D:10)
  A wraith (D:10)
  4 yaks (Lair:1)
  6 humans (D:6)
  A basilisk (Lair:1)
  11 vampire mosquitoes
  Edmund (D:6)
  2 acid dragons
  3 water moccasins
  A sky beast (D:8)
  Duvessa (D:6)
  5 orc warriors
  3 black bears
  5 centaurs
  2 ogres
  2 wolves (Lair:1)
  A kobold brigand (D:10)
  Blork the orc (D:6)
  9 bullfrogs
  A gnoll sergeant (D:7)
  4 wights (D:10)
  3 scorpions
  Dowan (D:6)
  11 killer bees
  7 howler monkeys
  3 jellies
  5 hounds
  10 orc priests
  A gnoll bouda (D:4)
  4 iguanas
  A sleepcap (D:4)
  12 orc wizards
  10 gnolls
  5 adders
  A shadow imp (D:7)
  A white imp (D:7)
  2 ufetubi
  2 worms
  4 dart slugs
  44 orcs
  6 endoplasms
  2 giant cockroaches
  7 hobgoblins
  12 kobolds
  3 quokkas
  4 ball pythons
  7 bats
  A frilled lizard (D:2)
  11 goblins
  5 rats
295 creatures vanquished.

Notes
Turn   | Place    | Note
-------+----------+-------------------------------------------
     0 | D:1      | DemonSlayer the Demonspawn Earth Elementalist began the
                  | quest for the Orb.
     0 | D:1      | Reached XP level 1. HP: 13/13 MP: 3/3
   251 | D:1      | Gained mutation: You have a somewhat thin skeletal
                  | structure. (Dex +2, Stealth+) [demonic ancestry]
   251 | D:1      | Reached XP level 2. HP: 18/19 MP: 3/5
   966 | D:1      | Learned a level 2 spell: Passwall
   994 | D:2      | Reached XP level 3. HP: 24/24 MP: 4/7
  1328 | D:2      | Identified the +6 mace "Yzir" {heavy, Drain rF+ rC+}
  1375 | D:2      | Found a faded altar of an unknown god.
  1608 | D:2      | Found a stormy altar of Qazlal.
  1743 | D:3      | Reached XP level 4. HP: 30/30 MP: 5/8
  2320 | D:3      | Found Inavigriwk's Antique Armour Shop.
  2723 | D:3      | Learned a level 3 spell: Stone Arrow
  2780 | D:4      | Noticed an ogre
  2780 | D:4      | Found a stormy altar of Qazlal.
  2797 | D:4      | Killed an ogre
  2798 | D:4      | Reached XP level 5. HP: 18/35 MP: 3/10
  2895 | D:5      | Entered Level 5 of the Dungeon
  3209 | D:5      | Found a staircase to the Ecumenical Temple.
  3219 | Temple   | Entered the Ecumenical Temple
  3219 | Temple   | Found a transporter.
  3219 | Temple   | Found a transporter.
  3221 | Temple   | Found a transporter.
  3221 | Temple   | Found a transporter.
  3233 | Temple   | Became a worshipper of Dithmenos the Shadowed
  3329 | D:5      | Reached XP level 6. HP: 29/42 MP: 7/12
  4037 | D:5      | Gained mutation: You regenerate magic rapidly. [demonic
                  | ancestry]
  4037 | D:5      | Reached XP level 7. HP: 26/47 MP: 3/14
  4137 | D:5      | Reached skill level 1 in Fighting
  4306 | D:5      | Reached skill level 5 in Spellcasting
  4428 | D:5      | Learned a level 4 spell: Petrify
  4619 | D:4      | You fall into a shaft and drop 1 floor!
  4737 | D:4      | Reached skill level 5 in Earth Magic
  4775 | D:5      | Reached * piety under Dithmenos
  5345 | D:4      | Found a shimmering blue altar of Sif Muna.
  5648 | D:4      | Learned a level 3 spell: Summon Guardian Golem
  5693 | D:6      | Noticed Dowan
  5696 | D:6      | Noticed Duvessa
  5712 | D:6      | Killed Duvessa
  5846 | D:6      | Noticed a human
  5846 | D:6      | Noticed a human
  5847 | D:6      | Noticed a human
  5847 | D:6      | Noticed a human
  5847 | D:6      | Noticed a human
  5875 | D:7      | Gained mutation: When hurt, damage is shared between your
                  | health and your magic reserves. [demonic ancestry]
  5875 | D:7      | Reached XP level 8. HP: 50/55 MP: 12/16
  6491 | D:6      | Reached skill level 1 in Conjurations
  6659 | D:7      | Gained mutation: You are vulnerable to cold. (rC-) [potion
                  | of mutation]
  7237 | D:7      | Found Zyhuy's Assorted Antiques.
  7243 | D:7      | Bought an ancient dagger for 238 gold pieces
  7243 | D:7      | Identified the +11 dagger "Keatuts" {venom, Fly rElec SInv
                  | Stlth-} (You bought it in a shop on level 7 of the Dungeon)
  7549 | D:8      | Reached skill level 1 in Short Blades
  7626 | D:8      | Noticed an efreet
  7629 | D:8      | Reached ** piety under Dithmenos
  7635 | D:8      | Killed an efreet
  7636 | D:8      | Reached XP level 9. HP: 24/62 MP: 1/19
  8660 | D:7      | Bought a scroll of teleportation for 102 gold pieces
  8900 | D:6      | Noticed Edmund
  8911 | D:6      | Killed Edmund
  9357 | D:6      | Noticed Blork the orc
  9362 | D:6      | Killed Blork the orc
  9407 | D:6      | Gained mutation: You have a pair of small horns on your
                  | head. [demonic ancestry]
  9407 | D:6      | Reached XP level 10. HP: 70/70 MP: 16/22
  9415 | D:6      | Killed Dowan
  9782 | D:6      | Found Tosez's Assorted Antiques.
  9785 | D:6      | Bought a silvery potion for 18 gold pieces
  9785 | D:6      | Bought a fizzy pink potion for 18 gold pieces
 10123 | D:9      | Reached *** piety under Dithmenos
 10124 | D:9      | Reached skill level 5 in Conjurations
 10333 | D:9      | Found a staircase to the Lair.
 10395 | D:9      | Reached skill level 1 in Armour
 10843 | D:9      | Found the +4 skin of Zhor {*Englaciate rC+++ SInv}
 11009 | D:10     | Entered Level 10 of the Dungeon
 11012 | D:10     | Reached skill level 5 in Stealth
 11190 | D:10     | Reached skill level 5 in Dodging
 11195 | D:10     | Reached XP level 11. HP: 65/75 MP: 6/24
 11255 | D:10     | Identified the +9 whip of Fiwamm {heavy, Int+2}
 11343 | D:10     | Found a sparkling altar of Nemelex Xobeh.
 11388 | D:10     | Noticed a two-headed ogre
 11562 | D:11     | Noticed Psyche
 11569 | D:11     | Killed Psyche
 11625 | D:11     | Noticed a two-headed ogre
 11633 | D:11     | Killed a two-headed ogre
 11659 | D:11     | Noticed a deep elf pyromancer
 11678 | D:11     | Killed a deep elf pyromancer
 11890 | D:11     | Noticed Sonja
 11893 | D:11     | Killed Sonja
 12104 | D:11     | Noticed Erolcha
 12105 | D:11     | Reached **** piety under Dithmenos
 12116 | D:11     | Killed Erolcha
 12324 | D:11     | Noticed a green ugly thing
 12331 | D:11     | Killed a green ugly thing
 12557 | D:10     | HP: 3/77 [salamander (9)]
 12755 | D:10     | Noticed a salamander mystic
 12872 | D:10     | Killed a salamander mystic
 12873 | D:10     | Reached skill level 10 in Spellcasting
 12913 | D:10     | Found the +3 salamander hide armour {Flames, rFlCloud rF++
                  | rC--}
 13082 | D:10     | Killed a two-headed ogre
 13213 | D:10     | Reached XP level 12. HP: 84/84 MP: 14/26
 13358 | D:10     | Found a staircase to the Orcish Mines.
 13763 | D:12     | Noticed a boulder beetle
 13962 | Lair:1   | Entered Level 1 of the Lair of Beasts
 14441 | Lair:1   | Identified the +5 rapier "Vihol" {heavy, +Blink rElec rF++
                  | rN+}
 15689 | Lair:1   | Learned a level 4 spell: Sticky Flame
 15730 | Lair:2   | Paralysed by a hornet for 2 turns
 15743 | Lair:2   | HP: 4/85 [poisoned by a hornet]
 16008 | Lair:2   | Reached skill level 10 in Earth Magic
 16130 | Lair:2   | Slain by a blink frog

Illustrated notes

Levels and vault maps discovered:
D:1:      dpeg_arrival_stonehenge_8_columns, layout_basic
D:2:      layout_rooms, chequers_ecumenical_altar_twisty, basic_altar,
          chequers_garden
D:3:      layout_basic, serial_shops, nicolae_shop_back_alley_shop,
          minmay_misc_feat_enclosed
D:4:      layout_rooms, nicolae_qazlal_general_emergency, kennysheep_little_box,
          roderic_lattice_a
D:5:      layout_loops_ring, temple_pool_b
D:6:      layout_gridville, serial_shops, kennysheep_mini_moat, minmay_ruffians,
          uniq_blork_the_orc, uniq_duvessa, uniq_edmund
D:7:      layout_cave_pods, serial_shops, shop
D:8:      layout_basic
D:9:      layout_cave_pools, lair_entry_dummy, hellmonk_guarded_unrand_zhor
D:10:     layout_rooms, nemelex_spade_bored_becter, hiddenorc1_lemuel,
          hellmonk_guarded_unrand_salamander
D:11:     layout_loops_cross, uniq_psyche, uniq_sonja, uniq_erolcha
D:12:     minmay_the_grid_octo_tiled_squarecenter_mashed
          [minmay_the_grid_octo_shrine, minmay_the_grid_octo_concentric,
          minmay_the_grid_octo_checkerflower,
          minmay_the_grid_octo_tetromino_candy,
          minmay_the_grid_square_5x5_megaprize_checkered,
          minmay_the_grid_square_5x5_spiral_small,
          minmay_the_grid_square_5x5_shuriken, minmay_the_grid_square_5x5_inset,
          minmay_the_grid_square_5x5_detours], layout_rooms
Temple:   hellmonk_temple_divided_pantheon
Lair:1:   layout_hall_layers, wad_woods_river_01, infiniplex_staircase_pool
Lair:2:   layout_regular_city, palyth_hydra_swamp_entry, dreamdust_wasp_nest,
          uniq_maggie, uniq_gastronok

Skill      XL: |  1  2  3  4  5  6  7  8  9 10 11 12 |
---------------+-------------------------------------+-----
Earth Magic    | 3 4 5 6 7 8 9 10 | 10.0
Stealth        | 2 3 4 5 6 |  6.6
Dodging        | 2 3 4 5 6 |  6.4
Spellcasting   | 3 4 5 7 8 9 10 | 10.9
Fighting       | 1 2 3 4 |  4.9
Conjurations   | 2 4 6 7 8 |  8.4
Short Blades   | 1 2 3 4 |  4.7
Armour         | 2 |  2.4
Transmutations | |  0.9

Action                     |  1- 3 |  4- 6 |  7- 9 | 10-12 || total
---------------------------+-------+-------+-------+-------++-------
  Melee: Dagger            |    16 |    11 |   110 |   176 ||   313
         Punch             |     1 |       |       |     1 ||     2
         Headbutt          |       |       |       |    51 ||    51
         Rapier            |       |       |       |    35 ||    35
   Cast: Sandblast         |    48 |    84 |    68 |       ||   200
         Stone Arrow       |       |       |    96 |   229 ||   325
    Use: Potion            |     1 |     1 |    11 |    10 ||    23
         Scroll            |     1 |     3 |    12 |    14 ||    30
   Stab: Sleeping          |     8 |     6 |     4 |    13 ||    31
         Invisible         |       |       |       |     1 ||     1
 Armour: Robe              |    10 |    24 |    39 |     5 ||    78
         Skin              |       |       |     8 |       ||     8
         Troll leather arm |       |       |       |    26 ||    26
         Animal skin       |       |       |       |    66 ||    66
  Dodge: Dodged            |    24 |    55 |   135 |   296 ||   510
